General information
			
			
        
        - name: TOWA
 
        - type: Custom game
 
        - host: TowerPowerNerf
 
        - saver: BEAR_AND
 
        
map: TurtleRock 
        - players: 4
 
        - length: 12:33
 
        - speed: Fast
 - version: 1.21 W3XP
 - replay type:  

 
» download(56 KB)
Players
        team 1 (winner) 
              
              
TowerPowerNerf (
green | 195 APM | 2442 actions | 12:33)
              
 4 Death Knight 
 2 Death Coil
 2 Unholy Aura
 3 Lich 
 2 Frost Nova
 1 Dark Ritual
 
                » actions 
                
                | Assign group hotkey | 236 |  | 
| Basic commands | 83 |  | 
| Build / train | 41 |  | 
| Enter build submenu | 24 |  | 
| Enter hero's abilities submenu | 7 |  | 
| Give item / drop item | 3 |  | 
| Remove unit from queue | 2 |  | 
| Right click | 1057 |  | 
| Select / deselect | 182 |  | 
| Select group hotkey | 742 |  | 
| Use ability | 65 |  | 
                2442 total
 » units 
                
                | Acolyte | 2 |  | 
| Ghoul | 10 |  | 
| Obsidian Statue | 5 |  | 
                17 total
 » upgrades
                
                | Ghoul Frenzy | 1 |  | 
| Destroyer Form | 1 |  | 
                2 total
 » buildings
                
                | Crypt | 2 |  | 
| Altar of Darkness | 1 |  | 
| Ziggurat | 7 |  | 
| Tomb of Relics | 1 |  | 
| Halls of the Dead | 2 |  | 
| Graveyard | 3 |  | 
| Slaughterhouse | 2 |  | 
| Black Citadel | 1 |  | 
                19 total
 » build order
                00:06 Crypt
00:07 Altar of Darkness
00:08 Ziggurat
00:39 Crypt
00:56 Tomb of Relics
01:13 Ziggurat
04:06 Halls of the Dead
04:06 Halls of the Dead
04:13 Graveyard
04:15 Graveyard
04:17 Graveyard
04:47 Ziggurat
04:49 Ziggurat
04:54 Ziggurat
06:36 Slaughterhouse
07:22 Black Citadel
07:58 Slaughterhouse
10:43 Ziggurat
10:44 Ziggurat
» items
                
                | Rod of Necromancy | 4 |  | 
| Scroll of Healing | 1 |  | 
| Orb of Corruption | 1 |  | 
                6 total
  
               team 2 (loser) 
              
              
iggy_the_fisk (
red | 106 APM | 1332 actions | 12:32)
              
 3 Archmage 
 2 Summon Water Elemental
 1 Brilliance Aura
 1 Mountain King 
 1 Storm Bolt
 
                » actions 
                
                | Assign group hotkey | 62 |  | 
| Basic commands | 6 |  | 
| Build / train | 47 |  | 
| Enter build submenu | 16 |  | 
| Enter hero's abilities submenu | 4 |  | 
| Remove unit from queue | 1 |  | 
| Right click | 768 |  | 
| Select / deselect | 275 |  | 
| Select group hotkey | 99 |  | 
| Use ability | 54 |  | 
                1332 total
 » units 
                
                | Peasant | 14 |  | 
| Footman | 8 |  | 
| Knight | 2 |  | 
| Flying Machine | 3 |  | 
                27 total
 » upgrades
                
                | Swords | 1 |  | 
| Animal War Training | 1 |  | 
| Flak Cannons | 1 |  | 
| Lumber Harvesting | 1 |  | 
                4 total
 » buildings
                
                | Altar of Kings | 1 |  | 
| Barracks | 1 |  | 
| Farm | 5 |  | 
| Scout Tower | 3 |  | 
| Keep | 1 |  | 
| Arcane Tower | 1 |  | 
| Arcane Vault | 1 |  | 
| Lumber Mill | 1 |  | 
| Castle | 1 |  | 
| Blacksmith | 1 |  | 
| Workshop | 2 |  | 
                18 total
 » build order
                00:06 Altar of Kings
00:19 Barracks
00:28 Farm
01:09 Farm
01:55 Farm
02:38 Scout Tower
03:06 Keep
04:32 Arcane Tower
05:02 Farm
05:28 Arcane Vault
05:56 Lumber Mill
07:24 Castle
07:38 Blacksmith
09:34 Workshop
10:45 Workshop
11:07 Farm
11:46 Scout Tower
11:47 Scout Tower
» items
                
                | Scroll of Regeneration | 4 |  | 
| Potion of Healing | 1 |  | 
| Staff of Sanctuary | 1 |  | 
                6 total
  
               observersBEAR_AND, 
dirtmcwordup Chat log
          (00:42 / All) TowerPowerNerf: GL HF
(00:46 / All) iggy_the_fisk: gl!
(01:58 / All) TowerPowerNerf: jäkla kallt det ska vara då
(02:08 / All) iggy_the_fisk: mm kalla fingrar är döden
(02:12 / All) TowerPowerNerf: jupp
(05:16 / Observers) BEAR_AND: -1 ghoul
(07:57 / Observers) BEAR_AND: mother of all coil snipe??????
(08:00 / Observers) BEAR_AND: nope
(08:07 / Observers) BEAR_AND: bye mk
(08:42 / All) iggy_the_fisk: ahaaaaaaa
(08:46 / Observers) BEAR_AND: pops the scroll
(08:47 / Observers) BEAR_AND: hahah
(08:50 / All) TowerPowerNerf: ok
(08:53 / All) iggy_the_fisk: använde istället för att sälja
(09:41 / Observers) BEAR_AND: about 2 min from full out destros and no gyro or tower in sight
(10:55 / Observers) BEAR_AND: not enough
(12:29 / All) iggy_the_fisk: haha wow
(12:30 / All) iggy_the_fisk: GG
(12:32 / All) TowerPowerNerf: gg